 Dungeon Crawl Stone Soup version 0.31-a0-931-g7b59d4eb97 (webtiles) character file.

Game seed: 15595014843453705072

9684 scionoferis the Severer (level 11, -15/108 HPs)
             Began as a Minotaur Chaos Knight on Oct 20, 2023.
             Was a Plaything of Xom.
             Demolished by Gastronok the shard shrike (43 damage)
             ... on level 10 of the Dungeon.
             The game lasted 00:29:50 (7768 turns).

scionoferis the Severer (Minotaur Chaos Knight)     Turns: 7768, Time: 00:29:51

Health: -15/108    AC: 15    Str: 26    XL:     11   Next: 26%
Magic:  11/11      EV: 15    Int: 11    God:    Xom [.*....]
Gold:   477        SH:  0    Dex: 17    Spells: 10/10 levels left

rFire   + + .        a - +0 hand axe (chaos)
rCold   . . .        (no shield)
rNeg    . . .        P - +2 ring mail {rPois}
rPois   +            (helmet restricted)
rElec   .            (no cloak)
rCorr   .            (no gloves)
SInv    .            k - +0 pair of boots
Will    +....        Q - amulet of regeneration
Stlth   +++          w - +4 ring of protection
HPRegen 1.98/turn    I - +6 ring of strength
MPRegen 0.12/turn

%: no passive effects
@: about to teleport
A: horns 2, retaliatory headbutt, claws 2, talons 1, iridescent scales 1, thin
skeletal structure 1, camouflage 1, agile 1, clever 1, fire resistance 2, high
MP 1, strong-willed 1, sense surroundings 1, regeneration 1, robust 1, strong 1,
wild magic 1, sturdy frame 1
a: Renounce Religion


You were on level 10 of the Dungeon.
You worshipped Xom.
You were a plaything of Xom.
You visited 1 branch of the dungeon, and saw 10 of its levels.
You also visited: Sewer and Bailey.

You collected 477 gold pieces.


Innate Abilities, Weirdness & Mutations

You have a pair of horns on your head.
You reflexively headbutt those who attack you in melee.
You have very sharp fingernails.
You have sharp toenails.
You are partially covered in iridescent scales. (AC +2)
You have a somewhat thin skeletal structure. (Dex +2, Stealth+)
Your skin changes colour to match your surroundings (Stealth+).
You are agile. (Dex +4, Str/Int -1)
Your mind is acute. (Int +4, Str/Dex -1)
Your flesh is very heat resistant. (rF++)
You have an increased reservoir of magic. (+10% MP)
You are strong-willed. (Will+)
You passively map a small area around you.
Your natural rate of healing is unusually fast.
You are robust. (+10% HP)
Your muscles are strong. (Str +4, Int/Dex -1)
Your spells are a little harder to cast, but a little more powerful.
Your movements are slightly less encumbered by armour. (ER -2)


   Skills:
 - Level 10.0 Fighting
 - Level 16.0 Axes
 - Level 5.0 Armour
 + Level 6.2 Dodging
 + Level 5.0 Evocations


You had 10 spell levels left.
You didn't know any spells.
Your spell library contained the following spells:

 Spells                   Type           Power      Damage    Failure   Level
 Freeze                   Ice            0%         1d3       47%         1
 Magic Dart               Conj           0%         1d3       47%         1
 Sting                    Tmut/Pois      0%         1d3       47%         1
 Poisonous Vapours        Pois/Air       0%         N/A       63%         2
 Scorch                   Fire           0%         2d5       63%         2
 Frozen Ramparts          Ice            0%         1d1       83%         3
 Hailstorm                Conj/Ice       0%         3d3       83%         3
 Ozocubu's Armour         Ice            0%         N/A       83%         3
 Flame Wave               Conj/Fire      0%         2d4       99%         4
 Olgreb's Toxic Radiance  Pois           0%         N/A       99%         4
 Metabolic Englaciation   Hex/Ice        0%         N/A       100%        5
 Simulacrum               Ice/Necr       0%         N/A       100%        6
 Summon Cactus Giant      Summ           0%         N/A       100%        6
 Malign Gateway           Summ/Tloc      0%         N/A       100%        7
 Summon Horrible Things   Summ           0%         N/A       100%        8
 Chain Lightning          Conj/Air       0%         N/A       100%        9
 Fire Storm               Conj/Fire      0%         5d1       100%        9
 Shatter                  Erth           0%         3d5*      100%        9

Inventory:

Hand Weapons
 a - a +0 hand axe of chaos (weapon)
 b - a +3 hand axe of draining
   (You took it off an orc on level 8 of the Dungeon)
Missiles
 g - a throwing net (quivered)
 j - 7 javelins
 p - 19 poisoned darts
 B - 10 boomerangs
 C - 6 atropa-tipped darts
Armour
 i - a +1 ring mail of fire resistance
   (You found it on level 2 of the Dungeon)
 k - a +0 pair of boots (worn)
   (You found it on level 2 of the Dungeon)
 K - a +4 chain mail
   (You took it off an orc in a bailey)
 P - a +2 ring mail of poison resistance (worn)
   (You found it on level 7 of the Dungeon)
Jewellery
 w - a +4 ring of protection (left claw)
   (You found it on level 4 of the Dungeon)
 x - an amulet of reflection
   (You found it on level 4 of the Dungeon)
 I - a +6 ring of strength (right claw)
   (You found it on level 6 of the Dungeon)
 O - a ring of protection from fire
   (You found it on level 7 of the Dungeon)
 Q - an amulet of regeneration (around neck)
   (You found it on level 2 of the Dungeon)
Wands
 d - a wand of charming (5)
   (Xom gifted it to you on level 4 of the Dungeon)
 D - a wand of flame (42)
   (You found it on level 6 of the Dungeon)
 G - a wand of roots (27)
   (You found it on level 6 of the Dungeon)
Scrolls
 c - 2 scrolls of butterflies
 f - 3 scrolls of poison
 h - 5 scrolls of teleportation
 q - 2 scrolls of immolation
 s - 4 scrolls of blinking
 y - 2 scrolls of fear
 E - a scroll of revelation
 H - 2 scrolls of noise
Potions
 e - 4 potions of might
 l - 3 potions of curing
 m - 2 potions of enlightenment
 n - 2 potions of invisibility
 o - 2 potions of lignification
 r - 2 potions of brilliance
 z - a potion of degeneration {unknown}
 A - 4 potions of cancellation
 F - a potion of ambrosia {unknown}
 J - 6 potions of heal wounds
 L - a potion of mutation {unknown}
 M - a potion of magic {unknown}
 N - 2 potions of haste {unknown}

Dungeon Overview and Level Annotations

Branches:
Dungeon (10/15)            Temple (0/1) D:6            Lair (0/5) D:8
    Orc (0/2) D:9           Sewer (visited)          Bailey (visited)

Altars:
Makhleb
Okawaru
Vehumet
Xom

Shops:
D:10 (

Portals:
Trove: D:10 (give 6 scrolls of fear)

Annotations:
D:10 Gastronok

* #.# #.# * #.#
#.# , ,#.# #.#
* * #.# #.#
,#.# * #.# #.#
#.# * , , ,
,#@# * * #.#b#
** ,, #.#.# *,
,, . #.#.# * *
#.# #.#.# *
.∩..,#.#b######
, #..#.#......#
, ,
...#b..#y.....#
,
...y..[..b....#


You could see Gastronok the shard shrike (berserk, ally target) and a vampire
mosquito.


Message History

The water moccasin misses you. You furiously retaliate!
You headbutt the water moccasin!
You kill the water moccasin!
Training target 5.0 for Armour reached!
Your Armour skill increases to level 5!
Your Dodging skill increases to level 4!
You open the door.
There is an open door here.
Your cleaving frenzy subsides.
There is an open door here.
Things that are here:
a yak corpse; a yak corpse
Found a stone staircase leading up.
Found a staircase to the Lair.
Things that are here:
a yak corpse; a yak corpse
There is an open door here.
There is an open door here.
Things that are here:
a +0 club; a stone; a +0 club You see here a +0 chain mail.
Things that are here:
a +0 hand axe; a +0 club; a +0 dagger Done exploring.
Done exploring.
Search for what [Enter for "d:7", or ? for help]? layr Can't find anything matching that.
Search for what [Enter for "layr", or ? for help]? lair "Whee!"
Your surroundings suddenly seem different.
Your surroundings suddenly seem different.
Unknown command.
Unknown command.
Search for what [Enter for "lair", or ? for help]? lair You see here a +0 dagger.
Things that are here:
a +0 club; a stone; a +0 club
There is an open door here.
There is an open door here.
Things that are here:
a yak skeleton; a yak skeleton You drop 2 scrolls of enchant armour.
You drop a scroll of vulnerability.
You drop 2 scrolls of enchant weapon.
You drop a scroll of torment.
Okay, then.
Things that are here:
a yak skeleton; a yak skeleton
There is a stone staircase leading down here.
You climb downwards.
Found a scimitar.
Found a stone staircase leading down.
There is a stone staircase leading up here.
Harold the Weathered comes into view.
He is wielding a +4 short sword of speed.
Harold shouts!
Xom's power touches on your mind for a moment.
Harold looks rather confused.
Harold cries.
You hit Harold but do no damage. "Just a minor improvement..."
You catch the helpless Harold completely off-guard!
You slash Harold! You burn Harold. You headbutt Harold, but do no damage.
Harold is lightly wounded.
Harold hits you with a +4 short sword of speed!
You hit Harold.
Harold is lightly wounded.
Harold hits you but does no damage.
You hit Harold but do no damage. You headbutt Harold.
Harold is lightly wounded.
You slash Harold!
Harold is moderately wounded.
You strike the helpless Harold from behind!
You hit Harold but do no damage.
Harold is moderately wounded.
Harold completely misses your butterfly.
You hit Harold. You burn Harold. You headbutt Harold!
Harold is heavily wounded.
Harold misses you.
You catch the helpless Harold completely off-guard!
You hit Harold. You freeze Harold.
Harold is heavily wounded.
Harold screams, "NO!
I can't bear this much noise."
Harold completely misses your butterfly.
You hit Harold.
Harold's magic leaks into the air.
You headbutt Harold, but do no damage.
Harold is severely wounded.
You strike the helpless Harold from behind!
You hit Harold but do no damage.
Harold is poisoned.
Harold is severely wounded.
You catch the helpless Harold completely off-guard!
You slash Harold!
Harold is severely wounded.
Harold's magic is no longer disrupted.
Harold hits you with a +4 short sword of speed.
You hit Harold but do no damage. You headbutt Harold!
Harold is almost dead.
Harold closely misses you.
You catch the helpless Harold completely off-guard!
You slash Harold!
Space warps horribly around Harold!
You kill Harold!
You swap places.
g - 2 throwing nets
Things that are here:
a +4 short sword of speed; a +0 scale mail; the human corpse of Harold You swap places.
You now have 389 gold pieces (gained 11).
Your butterfly disappears in a puff of smoke!
You swap places.
Your butterfly disappears in a puff of smoke!
You swap places.
Your butterfly disappears in a puff of smoke!
Your butterfly disappears in a puff of smoke! x2
Found 7 stones.
Your butterfly disappears in a puff of smoke!
Found an escape hatch in the floor.
Your butterfly degenerates into a cloud of primal chaos!
Your butterfly disappears in a puff of smoke!
Your butterfly is engulfed in seething chaos.
Your butterfly suddenly seems more resistant.
Your butterfly disappears in a puff of smoke!
Your butterfly disappears in a puff of smoke!
A vampire comes into view.
You sense an unholy aura.
b - a +3 hand axe of draining (weapon)
Your +0 hand axe of chaos is briefly surrounded by a scintillating aura of random colours.
a - a +0 hand axe of chaos (weapon)
"Serve the toy, my child!"
Xom smiles on you.
Your +0 hand axe of chaos looks sharp (like it always does).
You hit the vampire but do no damage.
The vampire points at you and mumbles some strange words.
You are confused.
You hit the vampire but do no damage. The vampire barely misses you.
The vampire misses you.
Okay, then.
Okay, then.
You feel better.
The vampire hits you but does no damage.
The vampire closely misses you.
You hit the vampire.
The vampire is lightly damaged.
You hit the vampire but do no damage.
The vampire resists with almost no effort.
You headbutt the vampire.
The vampire is moderately damaged.
Your crimson imp closely misses the vampire.
The vampire hits you. The vampire closely misses you.
You hit the vampire but do no damage.
The vampire is moderately damaged.
Your crimson imp hits the vampire.
You barely miss the vampire.
The vampire is moderately damaged.
The vampire closely misses you. The vampire barely misses you.
You hit the vampire.
The vampire seems to speed up.
The vampire is moderately damaged.
The vampire barely misses you. x2
Your crimson imp barely misses the vampire.
You hit the vampire but do no damage. Your headbutt misses the vampire.
The vampire is moderately damaged.
The vampire hits you but does no damage.
The vampire bites you.
The vampire draws strength from your injuries!
You hit the vampire.
The vampire seems to grow stronger.
Xom thinks this is hilarious!
You headbutt the vampire!
The vampire is severely damaged.
Your crimson imp blinks!
The vampire hits you. The vampire bites you.
The vampire draws strength from your injuries!
You closely miss the vampire.
The vampire is heavily damaged.
The vampire hits you! The vampire closely misses you.
You closely miss the vampire. Your headbutt misses the vampire.
The vampire is heavily damaged.
You closely miss the vampire.
The vampire is heavily damaged.
The vampire mumbles some strange words.
The vampire flickers and vanishes!
Deactivating autopickup; reactivate with Ctrl-A.
You miss something. Something hits you but does no damage. Something bites you!
Something draws strength from your injuries!
You barely miss something. Something hits you but does no damage.
Something bites you but does no damage.
You hit something but do no damage. Something hits you. Something bites you!
Something draws strength from your injuries!
You hit something but do no damage. You hit something but do no damage.
Your headbutt misses something. Something hits you! Something bites you.
Something draws strength from your injuries!
You hit something but do no damage. You headbutt something.
Something completely misses you. Something barely misses you.
You hit something but do no damage.
Nothing appears to happen.
You headbutt something! You closely miss something. You headbutt something!
You slash something! You closely miss something.
You swing at nothing.
You hit something but do no damage. You hit something.
Your crimson imp blinks!
You hit something.
Reactivating autopickup.
You feel a bit more experienced.
Your crimson imp blinks!
HP restored.
A deep elf pyromancer comes into view. It is wielding a +0 rapier.
Found 15 gold pieces.
The deep elf pyromancer mumbles some strange words.
The deep elf pyromancer blinks!
The deep elf pyromancer casts a spell.
The deep elf pyromancer blinks!
The deep elf pyromancer gestures at you while chanting.
The sticky flame hits you but does no damage.
You are covered in liquid flames!
You are covered in liquid flames!
You slash the deep elf pyromancer!
The deep elf pyromancer looks as sick as possible!
The deep elf pyromancer is moderately wounded.
You are covered in liquid flames!
You are no longer on fire.
Your crimson imp misses the deep elf pyromancer.
The deep elf pyromancer hits you but does no damage.
You hit the deep elf pyromancer.
Your headbutt misses the deep elf pyromancer.
The deep elf pyromancer is moderately wounded.
You hit the deep elf pyromancer.
The deep elf pyromancer is heavily wounded.
Your crimson imp closely misses the deep elf pyromancer.
The deep elf pyromancer gestures at you while chanting.
The sticky flame hits you but does no damage.
You are covered in liquid flames!
You miss the deep elf pyromancer.
The deep elf pyromancer is heavily wounded.
You are covered in liquid flames!
Your crimson imp hits the deep elf pyromancer.
You catch the helpless deep elf pyromancer completely off-guard!
You hit the deep elf pyromancer.
Lightning courses through the deep elf pyromancer!
Your headbutt misses the deep elf pyromancer.
The deep elf pyromancer is almost dead.
You are covered in liquid flames!
You kill the deep elf pyromancer!
Your Axes skill increases to level 15!
Your Dodging skill increases to level 5!
You are on fire!
You are covered in liquid flames!
You are no longer on fire.
Your crimson imp blinks!
Your cleaving frenzy subsides.
You now have 404 gold pieces (gained 15).
Erica the Fiery-Tempered comes into view.
She is wielding a +2 scimitar of flaming.
You swap places.
Found an escape hatch in the ceiling.
Throw: 6 darts (atropa)
Press: ? - help, Q - select action, (/) - cycle Shift-Dir - straight line, f - Erica
Aim: Erica, wielding a +2 scimitar of flaming and wearing a +0 robe (asleep, 98% to hit, chance to blind on hit: 3%)
Okay, then.
Unknown command.
Erica hits you with a +2 scimitar of flaming.
You closely miss Erica. You headbutt Erica.
Erica is lightly wounded.
Erica closely misses you. You furiously retaliate!
You headbutt Erica! You closely miss Erica. You headbutt Erica!
Erica is moderately wounded.
You slash Erica!
Erica is poisoned.
You headbutt Erica!
Erica is severely wounded.
Your crimson imp hits Erica.
Erica hits your crimson imp with a +2 scimitar of flaming!
You closely miss Erica. You headbutt Erica.
Erica is almost dead.
Your crimson imp blinks!
You barely miss Erica.
Erica is almost dead.
Erica hits you but does no damage.
You slash Erica!
Erica looks as sick as possible!
You headbutt Erica.
You kill Erica!
Your Evocations skill increases to level 4!
You swap places.
Things that are here:
a +2 scimitar of flaming; a +0 robe; the human corpse of Erica A gnoll comes into view.
It is wielding a +0 club.
The gnoll shouts!
You hear a shout! x2
An orc priest comes into view. It is wielding a +0 club.
You hit the gnoll but do no damage. You claw the gnoll.
The gnoll is heavily wounded.
You slash the gnoll! Lightning courses through the gnoll!!
You kill the gnoll!
The orc priest calls down the wrath of Beogh upon you.
Beogh smites you!
A gnoll comes into view. It is wielding a +0 spear.
Your crimson imp disappears in a puff of smoke!
The gnoll shouts!
You hear a shout! x2
An ogre comes into view. It is wielding a +0 giant spiked club.
A gnoll comes into view. It is wielding a +0 spear.
An orc priest comes into view. It is wielding a +0 whip.
An orc comes into view. It is wielding a +0 flail.
You hear a shout! x3
An orc wizard comes into view. It is wielding a +0 dagger.
The orc shouts!
The gnoll hits you but does no damage.
The orc priest hits you but does no damage.
An orc comes into view. It is wielding a +0 club.
The orc priest looks braver for a moment.
You hear a shout!
The gnoll shouts!
You slash the orc priest!
The orc priest is poisoned.
The orc priest is almost dead.
You slash the gnoll!
The gnoll is duplicated!
You hear a shout! x4
You hit the orc priest.
You kill the orc priest!
You closely miss the gnoll. x2; The gnoll hits you but does no damage.
An orc comes into view. It is wielding a +0 dagger. x2
The orc priest looks braver for a moment.
The gnoll hits you but does no damage.
You hit the gnoll.
The gnoll is poisoned.
Your headbutt misses the gnoll.
The gnoll is severely wounded.
You hit the gnoll but do no damage.
The gnoll resists with some effort.
The gnoll hits you but does no damage. The gnoll hits you with a +0 spear.
Unknown command.
You hit the gnoll but do no damage.
The gnoll suddenly seems more agile.
The gnoll is severely wounded.
You hit the gnoll but do no damage.
The gnoll is poisoned.
You slash the gnoll!
You kill the gnoll!
That felt strangely unrewarding.
You slash the gnoll!
You kill the gnoll!
An orc comes into view. It is wielding a +0 mace.
Found a staircase to the Orcish Mines.
The orc shouts!
You hear a shout! x2
An orc comes into view. It is wielding a +0 club.
The orc priest hits you but does no damage.
You slash the orc priest! You freeze the orc priest.
The orc priest is heavily wounded.
You barely miss the orc. You hit the ogre. You slash the orc priest!
You kill the orc priest!
You slash the orc!
You kill the orc!
You hit the ogre. You freeze the ogre.
The ogre hits you with a +0 giant spiked club!
The gnoll misses you.
An orc comes into view. It is wielding a +0 whip.
You hit the ogre. You freeze the ogre. You headbutt the ogre.
The ogre is heavily wounded.
The gnoll hits you but does no damage.
You slash the ogre!
The ogre appears confused.
You headbutt the ogre.
You kill the ogre!
You hit the orc but do no damage.
A cyclops comes into view.
The orc attacks as it pursues you! The orc barely misses you.
The gnoll hits you with a +0 spear.
You see here a +0 whip.
You hit the gnoll.
The gnoll suddenly seems more resistant.
You headbutt the gnoll, but do no damage.
The gnoll is moderately wounded.
You hit the orc but do no damage.
You hit the orc wizard but do no damage.
The orc barely misses you. You furiously retaliate!
You headbutt the orc. The orc wizard closely misses you.
The gnoll closely misses you.
You slash the gnoll!
You kill the gnoll!
You hit the orc wizard. You hit the orc.
The orc is poisoned.
A gnoll comes into view. It is wielding a +0 club.
The gnoll shouts!
The orc barely misses you.
An orc wizard comes into view. It is wielding a +0 dagger.
The orc hits you but does no damage.
An orc comes into view. It is wielding a +0 short sword.
Things that are here:
a +0 spear; a gnoll corpse You barely miss the orc.
The orc shouts!
You headbutt the orc.
The orc is almost dead.
You hit the orc.
You kill the orc!
You barely miss the orc. The orc hits you with a +0 dagger.
The orc hits you with a +0 mace.
You hit the orc.
You kill the orc!
You hit the orc. You freeze the orc. You closely miss the orc.
The orc hits you but does no damage.
You hit the orc wizard but do no damage.
The orc wizard is poisoned.
Your headbutt misses the orc wizard.
The orc wizard is lightly wounded.
You barely miss the orc. You barely miss the orc wizard.
The orc wizard is lightly wounded.
You hit the orc but do no damage.
An orc comes into view. It is wielding a +0 short sword.
You slash the cyclops! Lightning courses through the cyclops!
You headbutt the cyclops!
The cyclops is severely wounded.
You slash the orc wizard!
The orc wizard's magic leaks into the air.
You hit the cyclops but do no damage. You headbutt the cyclops!
The cyclops is almost dead.
You hit the orc wizard. You burn the orc wizard.
You kill the orc wizard!
An orc warrior comes into view. It is wielding a +0 long sword.
The orc warrior shouts!
You hit the cyclops.
You kill the cyclops!
You hit the orc. The orc closely misses you. You furiously retaliate!
You headbutt the orc.
You have reached level 11!
You slash the orc!
You kill the orc!
You closely miss the orc. The orc attacks as it pursues you!
The orc misses you. The orc barely misses you. You furiously retaliate!
You headbutt the orc!
You kill the orc!
Items here: )))) [[ †.
You hit the orc. You freeze the orc.
The orc is heavily wounded.
The orc barely misses you. You furiously retaliate!
You headbutt the orc!
You kill the orc!
You hit the gnoll. You burn the gnoll.
The gnoll is moderately wounded.
You slash the gnoll!
The gnoll seems to speed up.
The gnoll is almost dead.
The gnoll hits you but does no damage.
You completely miss the gnoll. You headbutt the gnoll.
The gnoll is almost dead.
The gnoll hits you with a +0 club.
You closely miss the gnoll. You claw the gnoll, but do no damage.
The gnoll is almost dead.
The gnoll hits you but does no damage.
You slash the gnoll!
You kill the gnoll!
You hit the orc.
You kill the orc!
The orc warrior unwields a +0 long sword.
The orc warrior wields a +0 orcbow.
The orc warrior shoots an arrow.
The arrow hits you.
The orc throws a boomerang.
The boomerang completely misses you.
The orc wizard hits you but does no damage.
Items here: )))) [ †††.
You hit the orc wizard. You burn the orc wizard.
The orc wizard is moderately wounded.
The orc wizard hits you but does no damage.
You hit the orc wizard. You burn the orc wizard.
The orc wizard is severely wounded.
The orc wizard casts a spell at you.
The puff of flame hits you but does no damage.
You hit the orc.
The orc is lightly wounded.
You closely miss the orc wizard.
You hit the orc wizard but do no damage.
You headbutt the orc wizard.
The orc wizard is severely wounded.
You hit the orc but do no damage. You drain the orc.
The orc wizard hits you but does no damage.
The orc closely misses you. You furiously retaliate!
You headbutt the orc!
You kill the orc!
You hit the orc wizard.
The orc wizard is almost dead.
You hit the orc. You freeze the orc. You barely miss the orc wizard.
Your claw misses the orc wizard.
The orc wizard is almost dead.
You hit the orc.
The orc seems to slow down.
The orc wizard hits you but does no damage.
You barely miss the orc wizard.
The orc wizard is almost dead.
You barely miss the orc warrior.
The orc wizard hits you but does no damage.
You hit the orc warrior but do no damage.
You drain the orc warrior.
The orc warrior is lightly wounded.
You hit the orc wizard.
You kill the orc wizard!
You closely miss the orc warrior. Your headbutt misses the orc warrior.
The orc warrior is lightly wounded.
The orc warrior unwields a +0 orcbow.
The orc warrior wields a +0 long sword.
The orc warrior misses you. You furiously retaliate!
You headbutt the orc warrior! You hit the orc warrior.
Lightning courses through the orc warrior!
You kill the orc warrior!
You closely miss the orc. You slash the orc! You burn the orc.
You kill the orc!
B - 10 boomerangs (gained 3)
Items here: ))) [[ ††.
There is a staircase to the Orcish Mines here.
You now have 417 gold pieces (gained 13).
An orc comes into view. It is wielding a +0 short sword.
The orc shouts!
You hit the orc.
The orc is lightly wounded.
The orc closely misses you.
You closely miss the orc. Your headbutt misses the orc.
The orc is lightly wounded.
You slash the orc! You burn the orc.
You kill the orc!
No target in view!
Things that are here:
a +0 short sword; a +0 ring mail; an orc corpse
Found a spear.
You now have 433 gold pieces (gained 16).
t - a scroll of identify Psyche the Insane Magess comes into view.
She is wielding a +3 dagger of chaos.
An orc wizard comes into view.
It is wielding a +0 dagger and wearing a +2 robe of cold resistance.
The orc wizard casts a spell at you.
The magic dart hits you but does no damage.
An orc wizard comes into view. It is wielding a +0 dagger.
The orc wizard shouts!
You hit the orc wizard. You burn the orc wizard.
The orc wizard is lightly wounded.
You slash the orc wizard!
The orc wizard looks as sick as possible!
You headbutt the orc wizard.
You kill the orc wizard!
The orc wizard mumbles some strange words.
The orc wizard flickers and vanishes!
Deactivating autopickup; reactivate with Ctrl-A.
Things that are here:
a +0 dagger; a +2 robe of cold resistance; 16 gold pieces An orc wizard comes into view.
It is wielding a +0 dagger.
Found a stone staircase leading down.
A bullfrog comes into view.
The bullfrog gives a loud, deep croak!
The orc wizard shouts!
You hear a shout!
The orc wizard points at you and mumbles some strange words.
The puff of flame hits you but does no damage.
You barely miss something. Your headbutt misses something.
Something hits you but does no damage.
You hit something. You burn something. Your headbutt misses something.
You slash something! You burn something. You headbutt something.
Reactivating autopickup.
You feel a bit more experienced.
You barely miss the bullfrog. The bullfrog hits you.
You completely miss the bullfrog. The bullfrog misses you.
You furiously retaliate!
You headbutt the bullfrog!
Throw: 2 throwing nets
Press: ? - help, Q - select action, (/) - cycle Shift-Dir - straight line, f - Psyche
Aim: Psyche, wielding a +3 dagger of chaos and wearing a +0 robe (56% to hit)
You throw a throwing net. The throwing net hits Psyche.
Psyche is caught in the net!
The bullfrog barely misses you.
Psyche struggles against the net.
The bullfrog hits you but does no damage.
You slash Psyche!
Psyche's magic leaks into the air.
You headbutt Psyche, but do no damage.
Psyche is moderately wounded.
You slash the bullfrog! Lightning courses through the bullfrog!
You kill the bullfrog!
Psyche falters for a moment.
Psyche struggles against the net.
The orc wizard gestures at you while chanting.
The puff of flame misses you.
You hit Psyche but do no damage.
Psyche seems to grow stronger.
Psyche is moderately wounded.
You slash Psyche! You headbutt Psyche.
Psyche is severely wounded.
Psyche's magic is no longer disrupted.
Psyche mumbles some strange words.
A swirling arc of seething chaos appears!
The arc of chaos hits the orc wizard.
The orc wizard seems to slow down.
The arc of chaos hits you but does no damage.
Psyche struggles against the net.
You catch the helpless Psyche completely off-guard!
You hit Psyche.
Psyche resists with almost no effort.
You headbutt Psyche!
You kill Psyche!
You hit the orc wizard but do no damage.
The orc wizard hits you but does no damage.
Items here: ( ) [ †.
Unknown command.
You hit the orc wizard but do no damage.
You slash the orc wizard! You burn the orc wizard. You headbutt the orc wizard.
You kill the orc wizard!
Items here: )) [[ †.
g - 2 throwing nets (gained 1)
Things that are here:
a +3 dagger of chaos; a +0 robe; the human corpse of Psyche You now have 449 gold pieces (gained 16).
Things that are here:
a +0 dagger; a +2 robe of cold resistance
Items here: )) [[ †.
m - 2 dark potions (gained 1)
t - 2 scrolls of identify (gained 1)
Found a stone staircase leading up.
Found a hand axe.
t - 3 scrolls of identify (gained 1)
An orc comes into view. It is wielding a +0 hand axe.
The orc shouts!
An orc wizard comes into view. It is wielding a +3 dagger.
The orc wizard shouts!
You hear a shout!
An orc comes into view. It is wielding a +0 short sword.
An orc comes into view. It is wielding a +0 mace.
The orc wizard mumbles some strange words.
The orc wizard flickers and vanishes!
Deactivating autopickup; reactivate with Ctrl-A.
The orc moves out of view.
The orc shouts!
You slash the orc!
You kill the orc!
An orc comes into view. It is wielding a +0 dagger.
The orc shouts!
You see here a +0 hand axe.
Unknown command.
The orc shouts!
You slash something! Something hits you but does no damage.
The orc hits your orc wizard with a +0 short sword.
Your orc wizard hits the orc with a +3 dagger.
You barely miss something. You miss something. Your headbutt misses something.
Something hits you but does no damage. The orc barely misses your orc wizard.
The orc closely misses your orc wizard.
Your orc wizard hits the orc with a +3 dagger.
The orc dies!
You hit something but do no damage. Your headbutt misses something.
Something hits you but does no damage.
An orc comes into view. It is wielding a +0 flail.
The orc closely misses your orc wizard.
Your orc wizard hits something with a +3 dagger.
You hit something. You freeze something. You slash something!
Reactivating autopickup.
You feel a bit more experienced. The orc closely misses your orc wizard.
The orc hits your orc wizard but does no damage.
Your orc wizard casts a spell at the orc.
The orc appears confused.
Unknown command.
The orc closely misses your orc wizard.
Your orc wizard hits the orc but does no damage.
Things that are here:
a +3 dagger; a +0 robe; an orc corpse
Found a stone staircase leading up.
The orc misses you.
The orc hits your orc wizard with a +0 mace.
Your orc wizard is killed!
You hit the orc. You freeze the orc.
The orc is severely wounded.
You slash the orc!
You kill the orc!
You hit the orc but do no damage.
The orc seems to grow stronger.
You headbutt the orc.
You kill the orc!
You slash the orc!
You kill the orc!
As you read the scroll of identify, it crumbles to dust.
e - 4 potions of might
As you read the scroll of identify, it crumbles to dust.
A - 4 potions of cancellation
As you read the scroll of identify, it crumbles to dust.
n - 3 potions of invisibility You see here a +0 flail.
Found a stone staircase leading down.
An orc priest and 3 orcs come into view.
The orc priest shouts!
The orc shouts!
The orc hits you but does no damage.
The orc priest calls down the wrath of Beogh upon you.
You easily resist.
The orc barely misses you. The orc hits you with a +0 trident.
The orc priest misses you.
You hit the orc priest. You headbutt the orc priest.
The orc priest is severely wounded.
You completely miss the orc. You hit the orc but do no damage.
Lightning courses through the orc!
You kill the orc!
You hit the orc priest. You freeze the orc priest.
Your headbutt misses the orc priest.
The orc priest is severely wounded.
You hit the orc. The orc barely misses you.
The orc priest looks satisfied for a moment.
You hit the orc priest. You burn the orc priest.
You kill the orc priest!
You hit the orc.
Space warps horribly around the orc!
You kill the orc!
You hit the orc. You freeze the orc.
The dead are walking!
You closely miss the orc. You headbutt the orc.
The orc is almost dead.
The orc hits you but does no damage.
You slash the orc!
You kill the orc!
Things that are here:
a +0 trident; an orc corpse
Found an orcbow.
Search for what [Enter for "lair", or ? for help]? ax Unknown command.
You see here a +0 orcbow.
A yak comes into view.
Found a wand of roots (5).
You swap places.
You see here a +0 orcbow.
The yak gores your orc zombie!
Your orc zombie is destroyed!
You hit the yak but do no damage. You headbutt the yak!
The yak is moderately wounded.
You barely miss the yak.
The yak is moderately wounded.
The yak barely misses you. You furiously retaliate!
You headbutt the yak. You hit the yak.
The yak is poisoned.
The yak is heavily wounded.
You hit the yak.
The yak is severely wounded.
The yak gores you.
You slash the yak!
The yak is almost dead.
The yak gores you but does no damage.
You hit the yak but do no damage. Your headbutt misses the yak.
The yak is almost dead.
You slash the yak! You freeze the yak.
You kill the yak!
A yak comes into view.
The yak bellows!
A yak comes into view.
The yak bellows!
You hit the yak. You burn the yak. Your headbutt misses the yak.
The yak is lightly wounded.
You hit the yak.
The yak seems to speed up.
You headbutt the yak.
The yak is moderately wounded.
The yak barely misses you.
You hit the yak. You headbutt the yak.
The yak is moderately wounded.
The yak closely misses you.
You closely miss the yak.
The yak is moderately wounded.
The yak closely misses you. You furiously retaliate!
You headbutt the yak! You hit the yak.
The yak easily resists.
The yak is severely wounded.
You hear Xom's avuncular chuckle.
The yak evaporates and reforms as something you cannot see!
You are now a special plaything of Xom.
The yak gores you!
You barely miss the yak. You headbutt the yak!
You kill the yak!
Something hits you but does no damage.
Deactivating autopickup; reactivate with Ctrl-A.
You hit something. You headbutt something.
Something hits you but does no damage. x2
You barely miss something. Something hits you but does no damage.
You hit something.
Something hits you but does no damage. x2
You hit something. You freeze something. Your headbutt misses something.
Something hits you but does no damage.
You slash something! You burn something.
Something hits you but does no damage. x2
You hit something.
Nothing appears to happen.
Something hits you.
You miss something. Something hits you but does no damage.
Something hits you but does no damage.
You see here a yak corpse.
You closely miss something.
Something hits you but does no damage. x2
Unknown command.
You barely miss something. You headbutt something!
Reactivating autopickup.
You feel a bit more experienced.
G - a wand of roots (27) (gained 5 charges)
You now have 461 gold pieces (gained 12).
Found a chain mail.
You see here a +0 chain mail.
You open the door.
There is an open door here.
t - a scroll of identify
As you read the scroll of identify, it crumbles to dust.
E - a scroll of revelation An occultist comes into view.
It is wielding a +0 dagger.
Found a scroll of teleportation.
The occultist shouts!
Press: ? - help, v - describe, . - travel
Here: an occultist, wielding a +0 dagger and wearing a +0 robe The floor.
Okay, then.
Unknown command.
Press: ? - help, v - describe, . - travel
Here: an occultist, wielding a +0 dagger and wearing a +0 robe The floor.
You fade into invisibility!
Found a scroll of fear.
You hit the occultist.
Lightning courses through the occultist!!
Your headbutt misses the occultist.
The occultist is heavily wounded.
You miss the occultist.
The occultist is heavily wounded.
The occultist hits you but does no damage.
You barely miss the occultist.
The occultist is heavily wounded.
The occultist hits you but does no damage.
You hit the occultist. You freeze the occultist.
The occultist is severely wounded.
You strike the helpless occultist from behind!
You slash the occultist! You burn the occultist.
Your headbutt misses the occultist.
The occultist is almost dead.
The occultist hits you with a +0 dagger.
You slash the occultist!
You kill the occultist!
Training target 16.0 for Axes reached!
Your Axes skill increases to level 16!
Your Dodging skill increases to level 6!
Things that are here:
a +0 dagger; a +0 robe; a human corpse
h - 5 scrolls of teleportation (gained 1)
You pick up a Young Poisoner's Handbook and begin reading...
You add the spells Sting, Poisonous Vapours and Olgreb's Toxic Radiance to your library.
t - 2 scrolls of identify
h - 6 scrolls of teleportation (gained 1)
You flicker for a moment.
y - 3 scrolls of fear (gained 1)
H - 2 scrolls labelled SODEITTESMOQ (gained 1)
You flicker back into view.
t - 3 scrolls of identify (gained 1)
f - 3 scrolls of poison (gained 1)
t - 4 scrolls of identify (gained 1)
As you read the scroll of identify, it crumbles to dust.
H - 2 scrolls of noise
As you read the scroll of identify, it crumbles to dust.
o - 2 potions of lignification
As you read the scroll of identify, it crumbles to dust.
m - 2 potions of enlightenment
As you read the scroll of identify, it crumbles to dust.
r - 2 potions of brilliance
Okay, then.
There is an open door here.
You see here a +0 chain mail.
You open the door. 4 killer bees come into view.
Found three leather armours and a flail.
You close the door.
You start removing your armour.
You continue taking off your +4 chain mail. x4
You finish taking off your +4 chain mail.
You start putting on your armour.
You continue putting on your +2 ring mail of poison resistance. x5
You finish putting on your +2 ring mail of poison resistance.
You feel resistant to poison.
You open the door.
The killer bee buzzes angrily. x3
The killer bee stings you. The killer bee completely misses you.
The killer bee barely misses you.
There is an open door, spattered with blood here.
You closely miss the killer bee.
The killer bee buzzes angrily.
You headbutt the killer bee!
The killer bee is severely wounded.
You slash the killer bee!
You feel better. The killer bee misses you. You furiously retaliate!
You headbutt the killer bee!
You kill the killer bee!
You closely miss the killer bee. You miss the killer bee.
The killer bee misses you. The killer bee closely misses you.
The killer bee stings you.
You closely miss the killer bee. Your headbutt misses the killer bee.
You hit the killer bee but do no damage.
You drain the killer bee.
The killer bee stings you but does no damage.
You hit the killer bee. You burn the killer bee.
The killer bee is lightly wounded.
You miss the killer bee. The killer bee barely misses you.
You furiously retaliate!
You headbutt the killer bee, but do no damage.
You miss the killer bee. You headbutt the killer bee.
The killer bee is moderately wounded.
You miss the killer bee. The killer bee barely misses you.
The killer bee closely misses you.
You barely miss the killer bee. Your headbutt misses the killer bee.
The killer bee is moderately wounded.
You miss the killer bee.
The killer bee stings you but does no damage.
The killer bee misses you.
You hit the killer bee but do no damage.
The killer bee is poisoned.
The killer bee is moderately wounded.
You closely miss the killer bee. The killer bee closely misses you.
The killer bee stings you but does no damage.
The killer bee misses you. The killer bee completely misses you.
You slash the killer bee! You freeze the killer bee.
You kill the killer bee!
You hit the killer bee. You freeze the killer bee.
The killer bee closely misses you. You furiously retaliate!
You headbutt the killer bee!
You kill the killer bee!
Your Evocations skill increases to level 5!
You miss the killer bee. Your headbutt misses the killer bee.
The killer bee is moderately wounded.
The killer bee stings you but does no damage.
You hit the killer bee but do no damage.
The killer bee resists with some effort.
You headbutt the killer bee, but do no damage.
The killer bee is moderately wounded.
The killer bee barely misses you.
You miss the killer bee.
The killer bee is moderately wounded.
The killer bee closely misses you. You furiously retaliate!
You headbutt the killer bee!
You kill the killer bee!
Things that are here:
a +0 leather armour; a killer bee corpse You see here a +0 leather armour.
You see here a +0 leather armour.
Things that are here:
a +0 flail; a killer bee corpse; a killer bee corpse
There is an open door, spattered with blood here.
You are now a plaything of Xom.
There is an escape hatch in the floor here.
There is a stone staircase leading down here.
Xom makes a sudden noise!
You hear a mighty clap of thunder!
Items here: ))) [[.
Things that are here:
a +0 club; a +0 leather armour You see here a +0 spear.
Done exploring.
Search for what [Enter for "ax", or ? for help]? d: Unknown command.
You see here a +0 spear.
Things that are here:
a +0 club; a +0 leather armour
Items here: ))) [[.
Items here: ( )) [.
Things that are here:
a +0 whip; a +0 spear
Things that are here:
a +0 dagger; a +0 leather armour
There is an escape hatch in the floor here.
You see here a +0 scimitar.
There is a stone staircase leading down here.
You climb downwards.
Found a stone staircase leading down.
There is a stone staircase leading up here.
There is a stone staircase leading down here.
You pick up a book of Annihilations and begin reading...
You add the spells Chain Lightning, Fire Storm and Shatter to your library.
Found a portal to a secret trove of treasure.
You now have 477 gold pieces (gained 16).
Gastronok the Ponderous comes into view.
Found Elycleck's Weapon Emporium.
A vampire mosquito comes into view.
A two-headed ogre comes into view. It is wielding two +0 giant clubs.
The helpless Gastronok fails to defend himself.
You hit Gastronok.
Gastronok is lightly wounded.
A vampire mosquito comes into view.
The vampire mosquito moves out of view.
The two-headed ogre shouts in stereo!
You slash Gastronok! Lightning courses through Gastronok!
You headbutt Gastronok!
Gastronok is moderately wounded.
You hear an angry buzzing noise. x2
Gastronok waves his eye-stalks in wide circles.
The air twists around and strikes you!!
You slash Gastronok!
Gastronok seems to speed up.
You headbutt Gastronok!
Gastronok is heavily wounded. "Hum-dee-hum-dee-hum..."
Gastronok evaporates and reforms as a shard shrike!
Gastronok claws you but does no damage.
You hit Gastronok but do no damage.
Gastronok goes berserk!
Xom thinks this is hilarious!
Gastronok claws you. Gastronok freezes you!!!
* * * LOW HITPOINT WARNING * * *
A shower of butterflies erupts from you!
Gastronok claws you but does no damage.
You swap places.
Gastronok misses your butterfly.
Gastronok rages. x2
Press: ? - help, v - describe, . - travel, g - get item Item here: a +0 hat.
The floor.
Unknown command.
Okay, then.
Unknown command.
Press: ? - help, v - describe, . - travel
Here: Gastronok the shard shrike (berserk, ally target)
The floor.
Aiming: Charm
Press: ? - help, Shift-Dir - straight line, f - Gastronok
Aim: Gastronok the shard shrike (berserk, ally target, chance to affect: 14%)
Okay, then.
Unknown command.
Gastronok rages.
Gastronok barely misses your butterfly. Gastronok claws your butterfly!!
Your butterfly dies!
Your butterfly disappears in a puff of smoke!
Gastronok misses you. You furiously retaliate!
You headbutt Gastronok!
Aiming: Charm
Press: ? - help, Shift-Dir - straight line, f - Gastronok
Aim: Gastronok the shard shrike (lightly wounded, berserk, ally target, chance to affect: 14%)
Okay, then.
Unknown command.
As you read the scroll of fear, it crumbles to dust.
You assume a fearsome visage.
Gastronok is unaffected.
The two-headed ogre looks frightened!
Gastronok claws your butterfly!!
Your butterfly dies!
Your butterfly disappears in a puff of smoke!
Gastronok closely misses your butterfly.
The vampire mosquito closely misses you.
You furiously retaliate!
You headbutt the vampire mosquito!
Blink to where?
Press: ? - help, Dir - move target
As you read the scroll of blinking, it crumbles to dust.
Something bites your butterfly!
Your butterfly dies!
Your butterfly disappears in a puff of smoke!
Something misses your butterfly.
As you read the scroll of teleportation, it crumbles to dust.
You feel strangely unstable. Gastronok claws you but does no damage.
Throw: 2 throwing nets
Press: ? - help, Q - select action, (/) - cycle Shift-Dir - straight line, f - Gastronok
Aim: Gastronok the shard shrike (berserk, ally target, 36% to hit)
You throw a throwing net.
The throwing net barely misses Gastronok.
Gastronok claws you but does no damage. Gastronok claws you!!
* * * LOW HITPOINT WARNING * * *
Gastronok freezes you!!!
You die...
Xom chortles!

Skill      XL: |  1  2  3  4  5  6  7  8  9 10 11 |
---------------+----------------------------------+-----
Axes           | 4 5 6 7 8 9 12 13 15 16 | 16.0
Fighting       | 4 5 6 7 9 10 | 10.0
Armour         | 3 5 |  5.0
Evocations     | 1 4 5 |  5.0
Dodging        | 2 5 6 |  6.2

Action                     |  1- 3 |  4- 6 |  7- 9 | 10-12 || total
---------------------------+-------+-------+-------+-------++-------
  Melee: Hand axe          |    62 |   155 |   360 |   252 ||   829
         Headbutt          |     5 |    23 |    74 |    68 ||   170
         Punch             |       |       |     6 |     3 ||     9
  Throw: Dart              |       |       |     8 |       ||     8
         Throwing net      |       |       |       |     2 ||     2
    Use: Scroll            |       |     5 |     5 |    12 ||    22
         Potion            |       |       |       |     2 ||     2
   Stab: Paralysed         |       |     1 |       |     1 ||     2
         Sleeping          |       |       |     8 |     4 ||    12
         Distracted        |       |       |     2 |     1 ||     3
         Confused          |       |       |     5 |     7 ||    12
         Invisible         |       |       |       |     1 ||     1
         Held in net/web   |       |       |       |     1 ||     1
 Armour: Leather armour    |    29 |       |       |       ||    29
         Ring mail         |     6 |    80 |   152 |    13 ||   251
         Chain mail        |       |       |    38 |   120 ||   158
  Dodge: Dodged            |    34 |    57 |   156 |    89 ||   336

Levels and vault maps discovered:
D:1:      minmay_arrival_four_loops, layout_basic,
          shapermc_ecumenical_altar_rom_forum
D:2:      layout_basic, minmay_unequal
D:3:      layout_loops_cross, lemuel_crystal_altar, portal_sewer_entry_c
D:4:      layout_cave_pools, okawaru_ov_weapons_minmay
D:5:      layout_basic
D:6:      layout_basic, temple_statues, serial_curves, eino_curves_02,
          eino_curves_01, hangedman_decor_diamond_cutter, uniq_pikel
D:7:      layout_basic, lemuel_tele_altar, enter_bailey_3, uniq_menkaure,
          uniq_duvessa
D:8:      layout_basic, nicolae_vehumet_radiance, lair_entry_dummy
D:9:      layout_small_grid, erik_orc_3, minmay_variable_closet,
          minmay_librarian, uniq_harold, uniq_psyche, uniq_erica
D:10:     layout_basic, lemuel_mausoleum_altar_kikubaaqudgha, enter_trove_0,
          serial_shops, nicolae_shop_advertising_works
          [nicolae_subvault_shop_adworks], nicolae_neqoxec_dot_bat,
          uniq_josephine, uniq_lodul, uniq_gastronok

Notes
Turn   | Place    | Note
-------+----------+-------------------------------------------
     0 | D:1      | scionoferis the Minotaur Chaos Knight began the quest for
                  | the Orb.
     0 | D:1      | Reached XP level 1. HP: 19/19 MP: 0/0
     1 | D:1      | XOM: divination: detect creatures
    40 | D:1      | Found a faded altar of an unknown god.
    44 | D:1      | Got Plato's Vellum of Bruises
   158 | D:1      | Reached skill level 4 in Axes
   171 | D:1      | Reached XP level 2. HP: 27/27 MP: 1/1
   382 | D:1      | Reached skill level 4 in Fighting
   859 | D:2      | XOM: noise
   861 | D:2      | Reached XP level 3. HP: 16/33 MP: 2/2
   901 | D:2      | XOM: 1-stop teleportation journey
  1018 | D:2      | Reached skill level 5 in Axes
  1204 | D:2      | Reached XP level 4. HP: 41/41 MP: 3/3
  1426 | D:2      | XOM: god gift: Grand Grimoire
  1498 | D:2      | XOM: polymorph endoplasm -> jackal
  1557 | D:2      | XOM: god gift: black potion {god gift}
  1681 | D:3      | Reached skill level 6 in Axes
  1685 | D:3      | Reached XP level 5. HP: 45/47 MP: 4/4
  1719 | D:3      | Found a burning altar of Makhleb.
  1745 | D:3      | Reached skill level 5 in Fighting
  1910 | D:3      | Found a glowing drain.
  1943 | Sewer    | Entered a sewer
  2170 | Sewer    | XOM: 1-stop teleportation journey
  2545 | D:3      | XOM: summons 3 hostile demons
  2557 | D:3      | HP: 9/48 [iron imp[Xom] (7)]
  2747 | D:3      | XOM: give mutations
  2747 | D:3      | Gained mutation: You have sharp toenails. [Xom's grace]
  2747 | D:3      | Gained mutation: You have sharp fingernails. [Xom's grace]
  2747 | D:3      | Gained mutation: Your flesh is heat resistant. (rF+) [Xom's
                  | grace]
  2747 | D:3      | Gained mutation: Your skin changes colour to match your
                  | surroundings (Stealth+). [Xom's grace]
  2818 | D:4      | Found an iron altar of Okawaru.
  2831 | D:4      | XOM: god gift: wand of charming (5)
  2850 | D:4      | XOM: summons friendly shadow imp
  2855 | D:4      | Reached skill level 7 in Axes
  2855 | D:4      | Reached XP level 6. HP: 53/57 MP: 5/5
  2894 | D:4      | Reached skill level 6 in Fighting
  2918 | D:4      | Reached skill level 8 in Axes
  2973 | D:4      | XOM: 3-stop teleportation journey
  2980 | D:4      | Reached XP level 7. HP: 58/63 MP: 6/6
  3003 | D:4      | XOM: give mutations
  3003 | D:4      | Gained mutation: Your system is resistant to poisons.
                  | (rPois) [Xom's grace]
  3003 | D:4      | Gained mutation: You are agile. (Dex +4, Str/Int -1) [Xom's
                  | grace]
  3224 | D:5      | Entered Level 5 of the Dungeon
  3366 | D:5      | Reached skill level 9 in Axes
  3388 | D:5      | Reached skill level 7 in Fighting
  3449 | D:5      | Reached XP level 8. HP: 68/73 MP: 7/7
  3497 | D:5      | Reached skill level 10 in Axes
  3708 | D:5      | XOM: silly message
  3837 | D:6      | Reached skill level 8 in Fighting
  3869 | D:6      | XOM: summons 4 hostile demons
  3931 | D:6      | XOM: 1-stop teleportation journey
  3939 | D:6      | XOM: confusion
  3974 | D:6      | Reached skill level 11 in Axes
  4016 | D:6      | XOM: 3-stop teleportation journey
  4085 | D:6      | Noticed Pikel
  4110 | D:6      | XOM: swap monsters
  4118 | D:6      | Killed Pikel
  4119 | D:6      | Reached skill level 9 in Fighting
  4119 | D:6      | Reached skill level 12 in Axes
  4119 | D:6      | Reached XP level 9. HP: 79/83 MP: 8/8
  4153 | D:6      | XOM: polymorph steam dragon -> naga
  4465 | D:6      | Found a staircase to the Ecumenical Temple.
  4763 | D:6      | XOM: summons 1 hostile demon
  4831 | D:6      | XOM: give mutation
  4831 | D:6      | Gained mutation: Your muscles are strong. (Str +4, Int/Dex
                  | -1) [Xom's mischief]
  4906 | D:7      | Reached skill level 13 in Axes
  4924 | D:7      | XOM: god gift: 6 atropa-tipped darts
  4929 | D:7      | XOM: give mutations
  4929 | D:7      | Gained mutation: You are strong-willed. (Will+) [Xom's
                  | mischief]
  4929 | D:7      | Lost mutation: Your system is resistant to poisons. (rPois)
                  | [Xom's mischief]
  4929 | D:7      | Lost mutation: You have sharp toenails. [Xom's mischief]
  4949 | D:7      | Reached skill level 10 in Fighting
  4988 | D:7      | XOM: enchant monster (good)
  4993 | D:7      | Found a flagged portal.
  5000 | D:7      | Killed Menkaure
  5006 | Bailey   | XOM: noise
  5006 | Bailey   | Entered a bailey
  5310 | Bailey   | XOM: give mutations
  5310 | Bailey   | Gained mutation: You are robust. (+10% HP) [Xom's grace]
  5310 | Bailey   | Gained mutation: You have very sharp fingernails. [Xom's
                  | grace]
  5310 | Bailey   | Gained mutation: You have an increased reservoir of magic.
                  | (+10% MP) [Xom's grace]
  5310 | Bailey   | Gained mutation: You passively map a small area around you.
                  | [Xom's grace]
  5330 | Bailey   | Reached skill level 3 in Armour
  5330 | Bailey   | Reached skill level 1 in Evocations
  5343 | Bailey   | XOM: give mutation
  5343 | Bailey   | Gained mutation: Your mind is acute. (Int +4, Str/Dex -1)
                  | [Xom's grace]
  5454 | Bailey   | XOM: give mutations
  5454 | Bailey   | Gained mutation: Your movements are slightly less
                  | encumbered by armour. (ER -2) [Xom's grace]
  5454 | Bailey   | Gained mutation: Your natural rate of healing is unusually
                  | fast. [Xom's grace]
  5454 | Bailey   | Gained mutation: You have sharp toenails. [Xom's grace]
  5454 | Bailey   | Gained mutation: You are partially covered in iridescent
                  | scales. (AC +2) [Xom's grace]
  5568 | D:7      | Noticed Duvessa
  5575 | D:7      | Reached skill level 2 in Dodging
  5577 | D:7      | Noticed Dowan
  5582 | D:7      | Killed Duvessa
  5589 | D:7      | Killed Dowan
  5599 | D:7      | You fall into a shaft and drop 1 floor!
  5734 | D:7      | XOM: give mutation
  5734 | D:7      | Gained mutation: Your spells are a little harder to cast,
                  | but a little more powerful. [Xom's grace]
  5737 | D:7      | XOM: give mutations
  5737 | D:7      | Gained mutation: Your flesh is very heat resistant. (rF++)
                  | [Xom's grace]
  5737 | D:7      | Gained mutation: You have a somewhat thin skeletal
                  | structure. (Dex +2, Stealth+) [Xom's grace]
  5744 | D:7      | XOM: 2-stop teleportation journey
  5870 | D:7      | Found a shimmering altar of Xom.
  5992 | D:8      | Found a radiant altar of Vehumet.
  5998 | D:8      | XOM: potion effect (brilliance)
  6054 | D:8      | XOM: god gift: chain mail {god gift}
  6061 | D:8      | Reached XP level 10. HP: 90/102 MP: 10/10
  6064 | D:8      | Reached skill level 2 in Evocations
  6065 | D:8      | a shapeshifter changed into a cane toad
  6065 | D:8      | Noticed a cane toad (shapeshifter)
  6068 | D:8      | a cane toad changed into a troll
  6078 | D:8      | Reached skill level 14 in Axes
  6078 | D:8      | Reached skill level 4 in Armour
  6078 | D:8      | Reached skill level 3 in Dodging
  6170 | D:8      | XOM: 2-stop teleportation journey
  6343 | D:8      | Identified the +2 robe of the Volcano {Rampage Will+ rCorr
                  | Slay-5}
  6473 | D:8      | XOM: cleaving
  6490 | D:8      | Reached skill level 3 in Evocations
  6501 | D:8      | XOM: divination: magic mapping
  6512 | D:8      | Reached skill level 5 in Armour
  6512 | D:8      | Reached skill level 4 in Dodging
  6545 | D:8      | Found a staircase to the Lair.
  6675 | D:8      | XOM: 2-stop teleportation journey
  6800 | D:9      | Noticed Harold
  6800 | D:9      | XOM: confuse monster(s)
  6805 | D:9      | XOM: scenery: summon butterflies
  6817 | D:9      | Killed Harold
  6858 | D:9      | XOM: summons friendly crimson imp
  6859 | D:9      | XOM: cleaving
  6917 | D:9      | Noticed a deep elf pyromancer
  6926 | D:9      | Killed a deep elf pyromancer
  6927 | D:9      | Reached skill level 15 in Axes
  6927 | D:9      | Reached skill level 5 in Dodging
  6965 | D:9      | Noticed Erica
  6998 | D:9      | Killed Erica
  6999 | D:9      | Reached skill level 4 in Evocations
  7026 | D:9      | Found a staircase to the Orcish Mines.
  7030 | D:9      | Noticed a cyclops
  7041 | D:9      | Killed a cyclops
  7042 | D:9      | Reached XP level 11. HP: 108/108 MP: 11/11
  7119 | D:9      | Noticed Psyche
  7145 | D:9      | Killed Psyche
  7322 | D:9      | XOM: polymorph yak -> something unseen
  7403 | D:9      | Noticed an occultist
  7412 | D:9      | Killed an occultist
  7413 | D:9      | Reached skill level 16 in Axes
  7413 | D:9      | Reached skill level 6 in Dodging
  7506 | D:9      | Reached skill level 5 in Evocations
  7587 | D:9      | XOM: noise
  7687 | D:10     | Entered Level 10 of the Dungeon
  7699 | D:10     | Found a portal to a secret trove of treasure.
  7754 | D:10     | Noticed Gastronok
  7758 | D:10     | Found Elycleck's Weapon Emporium.
  7758 | D:10     | Noticed a two-headed ogre
  7761 | D:10     | Gastronok changed into Gastronok the shard shrike
  7761 | D:10     | Noticed Gastronok
  7761 | D:10     | XOM: polymorph Gastronok -> Gastronok the shard shrike
  7762 | D:10     | XOM: butterfly on damage
  7768 | D:10     | Demolished by Gastronok the shard shrike

Vanquished Creatures
  Harold (D:9)
  Erica (D:9)
  An occultist (D:9)
  Pikel (D:6)
  A deep elf pyromancer (D:9)
  A cyclops (D:9)
  Psyche (D:9)
  An unseen horror (D:9)
  A troll (shapeshifter) (D:8)
  A vampire (D:9)
  A wyvern (D:8)
  5 yaks (D:8 D:9)
  An acid dragon (D:8)
  A naga (D:6)
  Duvessa (D:7)
  3 water moccasins (D:7 D:8)
  2 black bears (D:6)
  6 ice beasts (D:5 D:6 D:8)
  2 orc warriors (Bailey D:9)
  2 ogres (D:6 D:9)
  2 lemures (D:6)
  A centaur (D:5)
  2 phantoms (D:5 D:6)
  2 kobold brigands (D:6 D:8)
  5 bullfrogs (D:6 D:7 D:8 D:9)
  4 scorpions (D:4 D:7)
  11 wights (D:8)
  Dowan (D:7)
  8 killer bees (D:7 D:9)
  7 hounds (D:3 D:5 D:6 D:7)
  4 orc priests (D:7 D:9)
  2 jellies (D:4 D:6)
  6 iguanas (D:4 D:5 D:6)
  15 orc wizards (D:3 D:5 D:6 D:7 D:9)
  17 gnolls (D:2 D:6 Bailey D:9)
  11 adders (D:2 Sewer D:4 D:5)
  A river rat (Sewer)
  A shadow imp (D:5)
  2 white imps (D:5)
  2 worms (D:3)
  2 dart slugs (D:2 D:3)
  54 orcs (D:3 D:5 D:6 D:7 Bailey)
  14 ball pythons (D:1 D:2 D:3 Sewer D:4)
  4 bats (D:1 D:2 D:3)
  5 endoplasms (D:1 D:4)
  5 giant cockroaches (D:1 D:3 D:4)
  9 goblins (D:1 D:4 D:7)
  6 hobgoblins (D:1 D:2 D:3 D:4)
  A jackal (D:2)
  10 kobolds (D:1 D:4 D:6 D:8)
  2 quokkas (D:4 D:5)
  7 frilled lizards (D:3 Sewer)
  5 rats (D:1 D:2 D:3)
262 creatures vanquished.

Vanquished Creatures (collateral kills)
  2 adders (D:4)
  An orc (D:9)
3 creatures vanquished.

Vanquished Creatures (others)
  Menkaure (D:7)
  An ogre (D:7)
  An iguana (D:7)
  4 orcs (D:7)
  2 orc zombies (Bailey D:9)
9 creatures vanquished.

Grand Total: 274 creatures vanquished

Table legend: (Time is in decaauts)
 A = Elapsed time spent in this place.
 B = Non-inter-level travel time spent in this place.
 C = Inter-level travel time spent in this place.
 D = Time resting spent in this place.
 E = Time spent auto-exploring this place.
 F = Levels seen in this place.
 G = Mean time per level.
                   A        B        C        D        E       F      G
               +--------+--------+--------+--------+--------+-----+--------+
         Total |   7609 |   7254 |    355 |     49 |   4823 |  12 |  634.1 |
       Dungeon |   6817 |   6462 |    355 |      5 |   4623 |  10 |  681.7 |
         Sewer |    356 |    356 |      0 |      9 |     94 |   1 |  356.0 |
        Bailey |    434 |    434 |      0 |     35 |    105 |   1 |  434.0 |
               +--------+--------+--------+--------+--------+-----+--------+

Top non-repeatable levels by time:
     D:6: 1071 daAuts
     D:2: 924 daAuts
     D:3: 862 daAuts
     D:9: 828 daAuts
     D:8: 764 daAuts
     D:1: 705 daAuts
     D:7: 631 daAuts
     D:5: 524 daAuts
  Bailey: 434 daAuts
     D:4: 425 daAuts
   Sewer: 356 daAuts
    D:10: 79 daAuts

Table legend:
 A = Non-vault XP
 B = Vault XP
 C = Vault XP percentage of total XP
 D = Non-vault monster count
 E = Vault monster count
 F = Vault count percentage of total count
                 A         B        C        D         E       F
            +---------+---------+-------+---------+---------+-------
      Total |    8796 |    5039 |  36.4 |     186 |      75 |  28.7
            +---------+---------+-------+---------+---------+-------
        D:1 |      26 |       0 |   0.0 |      14 |       0 |   0.0
        D:2 |      53 |      29 |  35.4 |      10 |       3 |  23.1
        D:3 |     147 |      11 |   7.0 |      17 |       5 |  22.7
        D:4 |     393 |       0 |   0.0 |      20 |       0 |   0.0
        D:5 |     940 |       0 |   0.0 |      29 |       0 |   0.0
        D:6 |    1329 |     641 |  32.5 |      24 |       1 |   4.0
        D:7 |    1079 |     224 |  17.2 |      20 |       6 |  23.1
        D:8 |    2654 |       0 |   0.0 |      29 |       0 |   0.0
        D:9 |    2175 |    3778 |  63.5 |      23 |      25 |  52.1
      Sewer |       0 |      77 | 100.0 |       0 |      14 | 100.0
     Bailey |       0 |     279 | 100.0 |       0 |      21 | 100.0
            +---------+---------+-------+---------+---------+-------
